 Dungeon Crawl Stone Soup version 0.19.1-1-g22dce08 (webtiles) character file.

253 Alarkh the Chopper (level 5, -3/41 HPs)
             Began as a Demonspawn Monk on Jan 12, 2017.
             Slain by a worker ant (6 damage)
             ... on level 4 of the Dungeon.
             The game lasted 00:06:49 (5973 turns).

Alarkh the Chopper (Demonspawn Monk)                Turns: 5973, Time: 00:06:50

Health: -3/41      AC:  2    Str: 11    XL:     5   Next: 90%
Magic:  5/5        EV: 13    Int: 12    God:
Gold:   228        SH:  0    Dex: 16    Spells: 0 memorised, 4 levels left

rFire  + . .     SeeInvis .     a - +0 hand axe
rCold  . . .     Gourm    .     b - +0 robe
rNeg   . . .     Faith    .     (no shield)
rPois  .         Spirit   .     (no helmet)
rElec  .         Reflect  .     (no cloak)
rCorr  .         Harm     .     (no gloves)
MR     .....                    (no boots)
Stlth  +++.......               m - amulet of magic regeneration
                                (no ring)
                                (no ring)

@: lethally poisoned (-3 -> -16)
A: fire resistance 1, nightstalker 1
a: no special abilities


You were on level 4 of the Dungeon.
You were not hungry.

You visited 2 branches of the dungeon, and saw 6 of its levels.

You collected 228 gold pieces.

Inventory:

Hand Weapons
 a - a +0 hand axe (weapon)
Armour
 b - a +0 robe (worn)
Jewellery
 m - an amulet of magic regeneration (around neck)
Scrolls
 e - a scroll of identify
 g - a scroll of enchant armour
 h - a scroll of remove curse {unknown}
 i - a scroll of recharging {unknown}
 k - a scroll of teleportation {unknown}
 n - 2 scrolls of amnesia
 o - a scroll of fog
 t - a scroll of magic mapping {unknown}
Potions
 d - a potion of brilliance
Books
 l - Vehumet's Collected Works on Conjuration
   (You found it on level 2 of the Dungeon)

   Spells                             Type                      Level
   a - Magic Dart                     Conjuration                  1
 r - a book of Cantrips

   Spells                             Type                      Level
   a - Confusing Touch                Hexes                        1
   b - Animate Skeleton               Necromancy                   1
   c - Summon Small Mammal            Summoning                    1
   d - Apportation                    Translocation                1
Comestibles
 c - 2 bread rations
 f - a royal jelly
 j - 3 meat rations


   Skills:
 - Level 3.0 Fighting
 + Level 6.1 Axes
 - Level 2.6 Dodging
 - Level 1.7 Stealth


You had 4 spell levels left.
You didn't know any spells.

Dungeon Overview and Level Annotations

Branches:
Dungeon (5/15)             Temple (1/1) D:4

Altars:
Cheibriados
Dithmenos
Fedhas
Gozag
Hepliaklqana
Kikubaaqudgha
Makhleb
Nemelex Xobeh
Okawaru
Qazlal
Sif Muna
Vehumet
Xom
Yredelemnul
Zin

Annotations:
D:4 Alarkh's ghost, amateur DsMo


Innate Abilities, Weirdness & Mutations

Your flesh is heat resistant. (rF+)
You are slightly more attuned to the shadows.


Message History

You hit the worker ant but do no damage.
The worker ant is heavily wounded.
You feel sick. The worker ant bites you.
* * * LOW HITPOINT WARNING * * *
You are more poisoned.
The worker ant poisons you! The worker ant closely misses you.
You hit the worker ant but do no damage.
The worker ant is heavily wounded.
* * * LOW HITPOINT WARNING * * *
You feel sick. The worker ant barely misses you.
You barely miss the worker ant.
The worker ant is heavily wounded.
* * * LOW HITPOINT WARNING * * *
You feel sick. The worker ant bites you.
* * * LOW HITPOINT WARNING * * *
You hit the worker ant but do no damage.
The worker ant is heavily wounded.
* * * LOW HITPOINT WARNING * * *
You feel sick. The worker ant bites you.
You die...

#..# ##..#
##..# ##..##
##.a## ##..##
##..####
####..##.a##
...........@#
..........).#
#.........[..##
#.............#
#...........##
#...........#
#.........##
##........#
#.......##


You could see a worker ant.

Vanquished Creatures
  An orc priest (D:3)
  An orc wizard (D:4)
  7 adders
  3 oozes
  4 worms
  12 dart slugs
  2 leopard geckos
  6 orcs
  8 bats
  3 giant cockroaches
  4 goblins
  7 hobgoblins
  2 jackals (D:2)
  3 kobolds
  5 quokkas
  5 ball pythons
  5 frilled lizards
  9 rats
87 creatures vanquished.

Notes
Turn   | Place    | Note
-------+----------+-------------------------------------------
     0 | D:1      | Alarkh the Demonspawn Monk began the quest for the Orb.
     0 | D:1      | Reached XP level 1. HP: 18/18 MP: 1/1
    51 | D:1      | Reached skill level 3 in Axes
   260 | D:1      | Gained mutation: You are slightly more attuned to the shadows. [demonic ancestry]
   260 | D:1      | Reached XP level 2. HP: 19/24 MP: 2/2
  1058 | D:2      | Found a shadowy altar of Dithmenos.
  1082 | D:2      | Reached XP level 3. HP: 29/29 MP: 3/3
  1107 | D:2      | Reached skill level 4 in Axes
  1720 | D:2      | Gained mutation: Your flesh is heat resistant. (rF+) [demonic ancestry]
  1720 | D:2      | Reached XP level 4. HP: 16/35 MP: 4/4
  2247 | D:2      | Found an ancient bone altar of Kikubaaqudgha.
  2405 | D:2      | Found a deep blue altar of Sif Muna.
  2406 | D:2      | Found a radiant altar of Vehumet.
  2410 | D:2      | Identified Vehumet's Collected Works on Conjuration
  2815 | D:3      | HP: 1/35 [orc priest/divine providence (14)]
  3546 | D:3      | Reached skill level 5 in Axes
  3570 | D:3      | Reached XP level 5. HP: 38/41 MP: 5/5
  5003 | D:4      | Noticed an ogre
  5010 | D:4      | HP: 1/41 [ogre/giant club (19)]
  5016 | D:4      | HP: 1/41 [ogre/giant club (26)]
  5336 | D:4      | Found a staircase to the Ecumenical Temple.
  5346 | D:4      | Noticed Alarkh's ghost (amateur DsMo)
  5359 | Temple   | Entered the Ecumenical Temple
  5461 | D:4      | Found an opulent altar of Gozag.
  5737 | D:5      | Entered Level 5 of the Dungeon
  5833 | D:4      | Reached skill level 6 in Axes
  5973 | D:4      | Slain by a worker ant

Skill      XL: |  1  2  3  4  5 |
---------------+----------------+-----
Axes           | 3 4 5 6 |  6.1
Fighting       | |  3.0
Dodging        | |  2.6
Stealth        | |  1.7

Action                   |  1- 3 |  4- 6 || total
-------------------------+-------+-------++-------
Melee: Hand axe          |   126 |   279 ||   405
  Use: Potion            |     4 |     4 ||     8
       Scroll            |     1 |     5 ||     6
 Stab: Sleeping          |     7 |    10 ||    17
       Invisible         |     4 |       ||     4
       Distracted        |     1 |     1 ||     2
  Eat: Chunk             |     3 |    14 ||    17
Armor: Robe              |    23 |    35 ||    58
Dodge: Dodged            |    85 |   183 ||   268
